 Dungeon Crawl Stone Soup version 0.19-a0-1670-gc28a5d9 (webtiles) character file.

6605 Naow the Severer (level 10, -12/118 HPs)
             Began as a Minotaur Berserker on Sept 22, 2016.
             Was a High Priest of Trog.
             Mangled by a swamp worm (21 damage)
             ... on level 9 of the Dungeon.
             The game lasted 00:31:32 (9067 turns).

Naow the Severer (Minotaur Berserker)               Turns: 9067, Time: 00:31:34

Health: -12/118    AC: 11    Str: 29    XL:     10   Next: 71%
Magic:  9/9        EV: 12    Int:  4    God:    Trog [*****.]
Gold:   695        SH:  0    Dex: 11    Spells: 0 memorised, 9 levels left

rFire  . . .     SeeInvis .     C - +1 hand axe
rCold  . . .     Gourm    .     L - +2 ring mail {rPois}
rNeg   . . .     Faith    .     (no shield)
rPois  +         Spirit   .     o - +2 hat
rElec  .         Dismiss  .     u - +1 cloak
rCorr  .         Reflect  .     (no gloves)
MR     .....     Harm     .     (no boots)
Stlth  ..........               (no amulet)
                                (no ring)
                                (no ring)

@: berserking, very quick
A: retaliatory headbutt, horns 2
a: Berserk, Trog's Hand, Brothers in Arms, Burn Spellbooks, Renounce Religion


You were on level 9 of the Dungeon.
You worshipped Trog.
Trog was extremely pleased with you.
You were hungry.

You visited 1 branch of the dungeon, and saw 9 of its levels.

You collected 695 gold pieces.

Inventory:

Hand Weapons
 a - a +0 hand axe
 C - a +1 hand axe (weapon)
Missiles
 m - 3 tomahawks of returning (quivered)
Armour
 b - a +0 animal skin
 o - a +2 hat (worn)
 t - a +0 cloak
 u - a +1 cloak (worn)
 B - a +0 plate armour
 L - a +2 ring mail of poison resistance (worn)
 P - the +3 ring mail of Instinct {Int+7}
   (You found it on level 9 of the Dungeon)

   It affects your intelligence (+7).
Jewellery
 A - an uncursed ring of fire {unknown}
Wands
 l - a wand of paralysis (10/24)
 x - a wand of flame (15/48)
Scrolls
 f - 6 scrolls of identify {unknown}
 g - 3 scrolls of remove curse {unknown}
 j - 2 scrolls of immolation {unknown}
 k - 2 scrolls of teleportation {unknown}
 q - 2 scrolls of enchant armour {unknown}
 v - a scroll of magic mapping {unknown}
 y - 2 scrolls of enchant weapon {unknown}
 z - a scroll of amnesia {unknown}
 D - a scroll of recharging {unknown}
 F - a scroll of fog {unknown}
 H - a scroll of blinking {unknown}
 J - a scroll of fear {unknown}
 K - a scroll of acquirement {unknown}
 O - a scroll of random uselessness {unknown}
Potions
 e - 3 potions of lignification
 h - a potion of magic {unknown}
 i - 3 potions of haste {unknown}
 n - a potion of agility {unknown}
 p - a potion of berserk rage {unknown}
 r - 4 potions of curing
 s - a potion of flight {unknown}
 w - a potion of might {unknown}
 G - a potion of ambrosia {unknown}
 M - a potion of degeneration {unknown}
Books
 I - a book of Flames

   Spells                             Type                      Level
   a - Flame Tongue                   Conjuration/Fire             1
   b - Throw Flame                    Conjuration/Fire             2
   c - Conjure Flame                  Conjuration/Fire             3
   d - Inner Flame                    Hexes/Fire                   3
   e - Sticky Flame                   Conjuration/Fire             4
   f - Fireball                       Conjuration/Fire             5
   Trog disapproves of the use of such an item.
Comestibles
 c - 4 bread rations
 d - 4 meat rations
 E - a royal jelly
 N - 7 chunks of flesh


   Skills:
 + Level 4.2 Fighting
 - Level 18.0 Axes
 + Level 3.2 Armour
 - Level 2.3 Dodging


You had 9 spell levels left.
You didn't know any spells.

Dungeon Overview and Level Annotations

Branches:
Dungeon (9/15)             Temple (0/1) D:7            Lair (0/6) D:9
    Orc: D:9-12

Altars:
Fedhas
Trog

Shops:
D:9 %


Innate Abilities, Weirdness & Mutations

You reflexively headbutt those who attack you in melee.
You have a pair of horns on your head.


Message History

You kill the swamp worm!
Trog accepts your kill.
Your Armour skill increases to level 3!
A swamp worm bursts forth from the water.
The swamp worm bites you!!
A swamp worm bursts forth from the water.
The swamp worm bites you.
* * * LOW HITPOINT WARNING * * *
A swamp worm bursts forth from the water.
The swamp worm bites you.
* * * LOW HITPOINT WARNING * * *
The swamp worm bites you!
* * * LOW HITPOINT WARNING * * *
A red film seems to cover your vision as you go berserk!
You feel yourself moving faster!
You feel mighty!
You are feeling hungry.
The swamp worm closely misses you.
The swamp worm bites you but does no damage.
The swamp worm bites you!!
You die...

############ ##...≈≈≈≈≈≈≈#####
#..≈≈≈≈≈≈≈≈≈≈≈..#
#.≈≈≈#######≈≈≈.#
#######.≈†≈#≈≈w≈≈##≈≈.#########
........≈≈≈†≈≈@w≈?#≈≈..........
........≈)≈#≈≈w≈≈##≈≈##.####...
.#......≈≈≈#######≈≈≈##.# #...
#.......≈≈≈≈≈≈ ≈≈≈≈###.# #...
#........#≈≈≈≈≈≈≈### #.# #...
#........#....... #.# #...
#........#...... #.####...
................ #........
###..###..........# #........


You could see 3 swamp worms.

Vanquished Creatures
  Erica (D:9)
  The ghost of Musica the Covert, a novice OpAs of Ashenzari (D:7)
  Joseph (D:7)
  Sigmund (D:3)
  3 wargs (D:9)
  A swamp worm (D:9)
  Duvessa (D:7)
  Purgy (D:4)
  A water moccasin (D:5)
  A black bear (D:8)
  2 sky beasts
  An orc warrior (D:6)
  2 ice beasts
  An eye of draining (D:8)
  2 phantoms
  6 ogres
  A centaur (D:9)
  6 bullfrogs
  Dowan (D:7)
  2 scorpions
  10 killer bees (D:9)
  10 wights
  2 howler monkeys (D:9)
  3 crimson imps
  2 quasits
  A bullfrog zombie (D:7)
  2 jellies
  6 hounds
  7 orc priests
  2 bullfrog skeletons
  Ijyb (D:3)
  An iguana (D:8)
  4 orc wizards
  A worker ant (D:5)
  A hound zombie (D:7)
  2 hound skeletons
  A howler monkey zombie (D:8)
  2 worker ant zombies
  4 gnolls (D:4)
  A howler monkey skeleton (D:5)
  12 adders
  2 shadow imps
  An ooze (D:7)
  An adder skeleton (D:8)
  14 worms
  2 dart slugs
  10 leopard geckos
  21 orcs
  8 giant cockroaches
  7 hobgoblins
  10 jackals
  9 kobolds
  6 quokkas
  3 ball pythons
  3 bats
  3 frilled lizards
  9 goblins
  A jackal skeleton (D:6)
  A leopard gecko zombie (D:6)
  A quokka zombie (D:5)
  12 rats
  3 bushes (D:3)
  3 plants (D:9)
241 creatures vanquished.

Vanquished Creatures (others)
  A plant (D:9)
1 creature vanquished.

Grand Total: 242 creatures vanquished

Notes
Turn   | Place    | Note
-------+----------+-------------------------------------------
     0 | D:1      | Naow the Minotaur Berserker began the quest for the Orb.
     0 | D:1      | Reached XP level 1. HP: 19/19 MP: 0/0
    51 | D:1      | Reached XP level 2. HP: 23/27 MP: 1/1
   110 | D:1      | Reached skill level 4 in Axes
   726 | D:1      | Reached XP level 3. HP: 33/33 MP: 2/2
  1000 | D:2      | Reached ** piety under Trog
  1208 | D:2      | Reached skill level 5 in Axes
  1363 | D:2      | Reached XP level 4. HP: 40/40 MP: 3/3
  1987 | D:3      | Reached skill level 6 in Axes
  2202 | D:3      | Found a glowing drain.
  2258 | D:3      | Noticed Ijyb
  2266 | D:3      | Killed Ijyb
  2268 | D:3      | Reached *** piety under Trog
  2320 | D:3      | Reached XP level 5. HP: 46/46 MP: 4/4
  2583 | D:3      | Noticed Sigmund
  2592 | D:3      | Killed Sigmund
  2592 | D:3      | Reached skill level 8 in Axes
  2592 | D:3      | Reached XP level 6. HP: 37/52 MP: 5/5
  2912 | D:4      | Noticed Purgy
  2931 | D:4      | Killed Purgy
  2931 | D:4      | Reached skill level 9 in Axes
  3003 | D:4      | Reached XP level 7. HP: 29/59 MP: 6/6
  3539 | D:4      | Reached skill level 10 in Axes
  3780 | D:5      | Entered Level 5 of the Dungeon
  3835 | D:5      | Found a blossoming altar of Fedhas.
  3924 | D:5      | HP: 2/59 [wight/long sword (9)]
  3927 | D:5      | Reached skill level 11 in Axes
  4056 | D:5      | Reached XP level 8. HP: 9/66 MP: 7/7
  4988 | D:6      | Reached skill level 12 in Axes
  5311 | D:6      | Reached **** piety under Trog
  5313 | D:6      | Reached skill level 13 in Axes
  5938 | D:6      | Reached XP level 9. HP: 68/71 MP: 8/8
  6406 | D:7      | Found a staircase to the Ecumenical Temple.
  6426 | D:7      | Noticed Musica's ghost (novice OpAs)
  6447 | D:7      | HP: 1/106 [Musica's ghost (9)]
  6450 | D:7      | Killed Musica's ghost
  6450 | D:7      | Reached skill level 14 in Axes
  7002 | D:7      | Noticed Dowan
  7006 | D:7      | Noticed Duvessa
  7016 | D:7      | Killed Duvessa
  7016 | D:7      | Reached skill level 15 in Axes
  7026 | D:7      | Killed Dowan
  7075 | D:7      | Found a bloodstained altar of Trog.
  7140 | D:7      | Noticed Joseph
  7156 | D:7      | Killed Joseph
  7438 | D:8      | Reached skill level 16 in Axes
  7739 | D:8      | Reached XP level 10. HP: 64/78 MP: 9/9
  7898 | D:9      | Got an ichor-stained ring mail
  7909 | D:9      | Identified the +3 ring mail of Instinct {Int+7} (You found it on level 9 of the Dungeon)
  7971 | D:9      | Noticed Erica
  7980 | D:9      | Killed Erica
  7980 | D:9      | Reached skill level 17 in Axes
  8263 | D:9      | Found Caprigh's Food Shop.
  8296 | D:9      | Reached ***** piety under Trog
  8347 | D:9      | Found a staircase to the Lair.
  8361 | D:9      | Received a gift from Trog
  8667 | D:9      | Reached skill level 18 in Axes
  9067 | D:9      | Mangled by a swamp worm

Vault maps used:
D:1:      sevenhm_arrival_forest_fort_small_6
D:2:      kennysheep_boxes
D:3:      portal_sewer_entry_f, lexackson_kobold_supper, uniq_sigmund, uniq_iyjb
D:4:      first_bread, uniq_purgy
D:5:      fedhas_altar_3
D:6:      kennysheep_potato
D:7:      kennysheep_flooded_box, uniq_joseph, uniq_duvessa
D:9:      erik_lair_orcish_takeover, serial_shops, nicolae_shop_window_shopping,
          special_room, worms_lemuel, uniq_erica

Skill      XL: |  1  2  3  4  5  6  7  8  9 10 |
---------------+-------------------------------+-----
Fighting       | 4 |  4.2
Axes           | 4 5 6 8 9 11 13 16 18 | 18.0
Armour         | 3 |  3.2
Dodging        | |  2.3

Action                   |  1- 3 |  4- 6 |  7- 9 | 10-12 || total
-------------------------+-------+-------+-------+-------++-------
Melee: Hand axe          |    62 |   209 |   374 |   287 ||   932
       Headbutt          |    15 |    73 |    90 |    50 ||   228
Invok: Trog's Hand       |       |     1 |     6 |     3 ||    10
       Berserk           |       |     2 |     8 |     2 ||    12
  Use: Potion            |       |       |       |     2 ||     2
  Eat: Chunk             |     1 |     7 |    15 |     5 ||    28
       Beef jerky        |       |       |     3 |       ||     3
       Bread ration      |       |       |     1 |       ||     1
       Pizza             |       |       |     1 |     1 ||     2
       Royal jelly       |       |       |     1 |       ||     1
Armor: Animal skin       |    14 |    19 |    63 |       ||    96
       Ring mail         |       |       |    19 |    73 ||    92
       Skin              |       |       |       |    69 ||    69
Dodge: Dodged            |    72 |    66 |   120 |   100 ||   358
